Map: Ultralove

Players

Sindyr

  • Race: Protoss Protoss
  • League: Master
  • Spawn Location: 1:00

EuVoron - Winner!

  • Race: Protoss Protoss
  • League: Gold
  • Spawn Location: 7:00

VOD

Have the link to the VOD?

Description

Time

  • Played on: Oct. 29, 2025, 12:17 a.m.
  • Length: 5:53
Show
View Real Time Build Order
Export as new Build Order

Sindyr Protoss 

Build Orders: Double Forge 

Get SALT Encoding   

  12  0:01  Probe  
  13  0:13  Probe  
  14  0:19  Pylon  
  14  0:25  Probe  
  15  0:37  Probe  
  15  0:41  Gateway  
  16  0:46  Probe  
  16  0:48  Assimilator  
  16  0:54  Probe  
  18  1:05  Assimilator  
  18  1:22  Probe  
  19  1:31  Cybernetics Core  
  19  1:32  Probe  
  20  1:49  Probe  
  20  1:50  Nexus  
  21  1:57  Warp Gate  
  21  2:01  Pylon  
  21  2:12  Probe  
  22  2:24  Probe  
  22  2:29  Stalker  
  23  2:36  Probe  
  26  2:45  Forge  
  26  2:48  Gateway  
  26  3:03  Pylon  
  26  3:05  Probe x2  
  28  3:17  Probe  
  28  3:18  Probe  
  30  3:24  Shield Battery  
  30  3:29  Probe  
  30  3:31  Probe  
  32  3:34  Protoss Ground Weapons Level 1  
  32  3:41  Probe  
  32  3:43  Probe  
  32  3:46  Robotics Facility  
  34  3:49  Assimilator  
  34  3:53  Assimilator, Probe  
  35  3:55  Stalker  
  35  3:59  Stalker  
  35  4:02  Probe  
  40  4:06  Probe  
  41  4:11  Pylon  
  41  4:14  Probe  
  42  4:23  Zealot x2  
  46  4:37  Nexus  
  46  4:47  Observer  
  46  4:48  Twilight Council  
  47  4:57  Forge  
  47  5:05  Observer  
  47  5:06  Probe x2  
  50  5:07  Assimilator  
  50  5:18  Stalker x2, Probe  
  50  5:19  Probe  
  56  5:30  Probe  
  56  5:31  Probe  
  56  5:44  Stalker x2  
Show
View Real Time Build Order
Export as new Build Order

EuVoron Protoss - Winner!

Build Orders:  

Get SALT Encoding   

  12  0:01  Probe  
  13  0:13  Probe  
  14  0:17  Pylon  
  14  0:24  Probe  
  15  0:32  Probe  
  15  0:40  Probe  
  16  0:44  Gateway  
  17  0:50  Assimilator  
  17  0:58  Pylon  
  17  1:10  Probe  
  18  1:16  Assimilator  
  18  1:23  Probe  
  19  1:32  Cybernetics Core  
  19  1:35  Probe  
  21  1:47  Probe  
  21  1:59  Probe, Warp Gate  
  22  2:02  Pylon  
  22  2:04  Pylon  
  22  2:11  Probe, Stalker  
  25  2:23  Probe  
  25  2:27  Gateway  
  26  2:35  Probe  
  27  2:37  Robotics Facility  
  27  2:49  Stalker  
  27  2:50  Probe  
  30  3:08  Gateway  
  30  3:09  Probe  
  31  3:18  Stalker x2  
  31  3:21  Probe  
  35  3:33  Probe  
  36  3:41  Pylon  
  36  3:50  Immortal  
  36  4:01  Zealot  
  42  4:03  Sentry  
  44  4:17  Stalker  
  46  4:23  Pylon  
  46  4:34  Pylon  
  46  4:46  Immortal  
  46  4:54  Pylon  
  50  5:19  Stalker x3  
  56  5:25  Pylon  
Tags
 
Matchup
PvP
Replay Pack
Multiplayer
Spawn Locations
Cross Positions
Add a new tag
Caveats
  • Supply blocks, unpowered buildings, or Contaminate may cause inaccurate times.
  • Supply counts are checked every 10 seconds.